 Dungeon Crawl Stone Soup version 0.29-a0-841-g116ddc6ace (webtiles) character file.

Game seed: 17738956870973272074

67 dranuc9 the Conjurer (level 4, 20/20 (33) HPs)
             Began as a Meteoran Conjurer on July 15, 2022.
             Quit the game on level 1 of the Dungeon.
             The game lasted 00:11:00 (1200 turns).

dranuc9 the Conjurer (Meteoran Conjurer)            Turns: 1200, Time: 00:11:00

HP:   20/20 (33)    AC:  2    Str:  9    XL:     4   Next: 67%
MP:   10/10         EV: 12    Int: 21    God:
Gold: 65            SH:  0    Dex: 12    Spells: 6/9 levels left

rFire   . . .      SeeInvis .   e - +0 short sword
rCold   . . .      Faith    .   (no shield)
rNeg    . . .      Spirit   .   a - +0 robe
rPois   .          Reflect  .   (no helmet)
rElec   .          Harm     .   (no cloak)
rCorr   .          Rampage  .   (no gloves)
Will    .....                   (no boots)
Stlth   +.........              (no amulet)
HPRegen 0.06/turn               (no ring)
MPRegen 0.12/turn               (no ring)

@: glowing, very heavily drained
A: sense surroundings 1, otherworldly, glowing, explore regen
a: no special abilities


You were on level 1 of the Dungeon.
You visited 1 branch of the dungeon, and saw 2 of its levels.

You collected 65 gold pieces.

Inventory:

Hand Weapons
 e - a +0 short sword (weapon)
Armour
 a - a +0 robe (worn)
Scrolls
 c - 2 scrolls of magic mapping {unknown}
 d - 3 scrolls of summoning {unknown}
 g - a scroll of silence {unknown}
 j - a scroll of enchant armour {unknown}
 l - a scroll of blinking {unknown}
Potions
 b - a potion of magic
 f - a potion of might {unknown}
 h - a potion of heal wounds {unknown}
 i - 2 potions of mutation {unknown}
 k - a potion of lignification {unknown}


   Skills:
 + Level 0.1 Short Blades
 + Level 2.9 Dodging
 + Level 1.6 Stealth
 + Level 3.3 Spellcasting
 + Level 6.0 Conjurations


You had 6 spell levels left.
You knew the following spells:

 Your Spells              Type           Power      Damage    Failure   Level
a - Magic Dart            Conj           100%       1d8       1%          1
b - Searing Ray           Conj           56%        2d6       1%          2

Your spell library contained the following spells:

 Spells                   Type           Power      Damage    Failure   Level
 Dazzling Flash           Conj/Hex       32%        N/A       11%         3
 Fulminant Prism          Conj/Hex       8%         3d7       36%         4
 Iskenderun's Mystic Bla  Conj/Tloc      16%        2d5       36%         4


Dungeon Overview and Level Annotations

Branches:
Dungeon (2/15) Zot: 200

Altars:


Innate Abilities, Weirdness & Mutations

You passively map a small area around you.
You are easily found by Zot.
You glow in the dark.
You regain HP and MP as you explore.


Message History

Found a stone staircase leading down.
There is a stone staircase leading down here.
There is a stone staircase leading up here.
You now have 54 gold pieces (gained 4).
Found a sling.
You have lingered too long.
Zot senses you.
Dive deeper or flee this branch before you suffer!
Casting: Magic Dart (safe; 1% risk of failure)
Confirm with . or Enter, or press ? or * to list all spells.
You can't see any susceptible monsters within range! (Use Z to cast anyway.)
A ball python comes into view.
Casting: Magic Dart (safe; 1% risk of failure)
Confirm with . or Enter, or press ? or * to list all spells.
Aiming: Magic Dart (safe; 1% risk of failure)
Press: ? - help, Shift-Dir - straight line, f - ball python
Aim: a ball python (asleep, 100% to hit)
The magic dart hits the ball python.
You kill the ball python!
A giant cockroach comes into view.
Casting: Magic Dart (safe; 1% risk of failure)
Confirm with . or Enter, or press ? or * to list all spells.
Aiming: Magic Dart (safe; 1% risk of failure)
Press: ? - help, Shift-Dir - straight line, f - giant cockroach
Aim: a giant cockroach (100% to hit)
The magic dart hits the giant cockroach.
You kill the giant cockroach!
Zot draws nearer.
Dive deeper or flee this branch before you suffer!
There is a stone staircase leading up here.
You climb upwards.
There is a stone staircase leading down here.
You open the door.
Found a ring mail.
There is an open door here.
You open the door. Zot has nearly found you.
Suffering is approaching.
Descend or flee this branch!
There is an open door here.
You now have 65 gold pieces (gained 11).
Zot's power touches on you...
You feel drained.
Unknown command.
Are you sure you want to abandon this character and quit the game? (Confirm with "yes".)

### * * * *###.# * , , ,.... , ,
, ..# * ,* #### * * * #.# * ...#
####'###### * .#.# #....@....#
##### ...#########....[....#
#...# ...#.......'.........#
#...# ...#.#######.........#,
,#...#
...#..............#####+##...###
...#...........##.#####.#......#
#'##.#########.##.......#......#
...#.# #.##......†'......#
...#.# #.##......##......#


There were no monsters in sight!

Vanquished Creatures
  3 adders (D:2)
  2 dart slugs (D:1)
  3 bats
  2 endoplasms (D:1)
  A giant cockroach (D:2)
  3 goblins
  8 jackals
  4 ball pythons
  3 frilled lizards
  4 kobolds (D:1)
  4 rats
37 creatures vanquished.

Vanquished Creatures (others)
  A plant (D:1)
1 creature vanquished.

Grand Total: 38 creatures vanquished

Notes
Turn   | Place    | Note
-------+----------+-------------------------------------------
     0 | D:1      | dranuc9 the Meteoran Conjurer began the quest for the Orb.
     0 | D:1      | Reached XP level 1. HP: 14/14 MP: 5/5
   181 | D:1      | Reached skill level 5 in Conjurations
   200 | D:1      | Reached XP level 2. HP: 20/20 MP: 4/6
   203 | D:1      | Learned a level 2 spell: Searing Ray
   334 | D:1      | Reached XP level 3. HP: 20/26 MP: 4/8
   500 | D:1      | Glimpsed the power of Zot.
   550 | D:1      | Glimpsed the power of Zot.
   672 | D:2      | Reached XP level 4. HP: 33/33 MP: 4/9
   685 | D:2      | Reached skill level 6 in Conjurations
  1100 | D:2      | Glimpsed the power of Zot.
  1150 | D:2      | Glimpsed the power of Zot.
  1189 | D:1      | Glimpsed the power of Zot.
  1199 | D:1      | Touched by the power of Zot.
  1200 | D:1      | Quit the game

Illustrated notes

Levels and vault maps discovered:
D:1:      minmay_arrival_widening_spiral_wide, layout_basic,
          ebering_ecumenical_altar_rust, hangedman_decor_push,
          minmay_shallow_snake_nest
D:2:      layout_loops_cross

Skill      XL: |  1  2  3  4 |
---------------+-------------+-----
Conjurations   | 5 6 |  6.0
Spellcasting   | 3 |  3.3
Short Blades   | |  0.1
Dodging        | |  2.9
Stealth        | |  1.6

Action                   |  1- 3 |  4- 6 || total
-------------------------+-------+-------++-------
Melee: Short sword       |     2 |     2 ||     4
 Cast: Magic Dart        |    34 |     9 ||    43
       Searing Ray       |     6 |     4 ||    10
Armor: Robe              |     2 |       ||     2
Dodge: Dodged            |     8 |     3 ||    11

Table legend: (Time is in decaauts)
 A = Elapsed time spent in this place.
 B = Non-inter-level travel time spent in this place.
 C = Inter-level travel time spent in this place.
 D = Time resting spent in this place.
 E = Time spent auto-exploring this place.
 F = Levels seen in this place.
 G = Mean time per level.
                   A        B        C        D        E       F      G
               +--------+--------+--------+--------+--------+-----+--------+
         Total |   1200 |   1079 |    121 |    325 |    590 |   2 |  600.0 |
       Dungeon |   1200 |   1079 |    121 |    325 |    590 |   2 |  600.0 |
               +--------+--------+--------+--------+--------+-----+--------+

Top non-repeatable levels by time:
     D:2: 603 daAuts
     D:1: 596 daAuts
